 Dungeon Crawl Stone Soup version 0.23.2-40-g277498a001 (webtiles) character file.

Game seed: 16588877285679658488

2314 JValeksei the Stinger (level 9, -8/48 HPs)
             Began as a Gargoyle Venom Mage on Aug 19, 2019.
             Was a Follower of Sif Muna.
             Mangled by a death yak (24 damage)
             ... on level 9 of the Dungeon.
             The game lasted 00:25:45 (11569 turns).

JValeksei the Stinger (Gargoyle Venom Mage)        Turns: 11569, Time: 00:25:46

Health: -8/48      AC: 13    Str: 12    XL:     9   Next: 41%
Magic:  1/17       EV: 12    Int: 19    God:    Sif Muna [*.....]
Gold:   145        SH:  0    Dex: 10    Spells: 10/19 levels left

rFire    . . .     SeeInvis .   O - +0 war axe
rCold    . . .     Gourm    .   (no shield)
rNeg     + . .     Faith    .   f - +2 leather armour {MR+}
rPois    ∞         Spirit   .   (no helmet)
rElec    +         Reflect  .   w - scarf {cloud immunity}
rCorr    .         Harm     .   (no gloves)
MR       ++...                  E - +1 pair of boots {run}
Stlth    ++........             (no amulet)
HPRegen  0.16/turn              j - ring of protection from magic
MPRegen  0.15/turn              (no ring)

@: quick
A: negative energy resistance 1, electricity resistance, unbreathing,
petrification resistance, rot immunity, AC +6
a: Divine Energy, Renounce Religion


You were on level 9 of the Dungeon.
You worshipped Sif Muna.
Sif Muna was aware of your devotion.
You were not hungry.

You visited 2 branches of the dungeon, and saw 10 of its levels.

You collected 332 gold pieces.
You spent 187 gold pieces at shops.

Inventory:

Hand Weapons
 b - a +0 whip
 l - a +0 whip
 o - a +1 mace
 t - a +1 dagger of draining
 u - a +0 rapier
 v - a +0 rapier
 y - a +0 trident
 L - a +0 arbalest
 O - a +0 war axe (weapon)
Missiles
 d - 131 arrows
 k - 175 stones (quivered)
 m - 110 bolts
 A - 5 tomahawks
 C - 35 poisoned needles
Armour
 a - a +0 robe
 f - a +2 leather armour of magic resistance (worn)
 n - a +1 robe of resistance
 w - a scarf of cloud immunity (worn)
 E - a +1 pair of boots of running (worn)
Magical Staves
 I - an uncursed staff of summoning
Jewellery
 j - a ring of protection from magic (left hand)
 r - the amulet of Oleit {Inacc MR- Str+2 Stlth+, unknown}
   (You found it on level 4 of the Dungeon)

   [amulet of inaccuracy]

   It reduces the accuracy of all your attacks.
   It affects your strength (+2).
   It affects your resistance to hostile enchantments.
   It makes you more stealthy.
 D - an uncursed ring of protection from fire {unknown}
Wands
 h - a wand of disintegration (1)
 q - a wand of random effects (18)
 B - a wand of iceblast (3)
Scrolls
 s - 2 scrolls of magic mapping
 F - a scroll of enchant weapon
 J - a scroll of random uselessness
 M - a scroll of identify
 N - 2 scrolls of amnesia
 P - a scroll of remove curse
Potions
 e - 4 potions of curing
 g - 4 potions of brilliance
 i - 2 potions of magic {unknown}
 p - 5 potions of flight
 z - a potion of invisibility {unknown}
 H - a potion of heal wounds {unknown}
 K - 3 potions of haste
Comestibles
 c - 8 rations


   Skills:
 + Level 1.8 Fighting
 + Level 3.6 Maces & Flails
 + Level 2.6 Armour
 + Level 2.5 Dodging
 + Level 3.3 Stealth
 * Level 5.6 Spellcasting
 * Level 5.4 Conjurations
 * Level 4.0 Air Magic
 * Level 5.8 Poison Magic
 + Level 1.1 Evocations


You had 10 spell levels left.
You knew the following spells:

 Your Spells              Type           Power        Failure   Level  Hunger
a - Olgreb's Toxic Radia  Pois           ####....     13%         4    ####...
b - Poisonous Vapours     Pois/Air       ###...       3%          2    None
c - Mephitic Cloud        Conj/Pois/Air  ###.....     5%          3    ##.....

Your spell library contained the following spells:

 Spells                   Type           Power        Failure   Level  Hunger
 Sting                    Conj/Pois      ####         1%          1    None
 Venom Bolt               Conj/Pois      ####......   38%         5    #####..


Dungeon Overview and Level Annotations

Branches:
Dungeon (9/15)             Temple (1/1) D:6
   Lair: D:8-11         Orc: D:9-12

Altars:
Ashenzari
Cheibriados
Dithmenos
Elyvilon
Fedhas
Gozag
Hepliaklqana
Kikubaaqudgha
Makhleb
Nemelex Xobeh
Okawaru
Qazlal
Ru
Sif Muna
Trog
Uskayaw
Wu Jian
Xom
Yredelemnul
Zin
The Shining One

Shops:
D:4 }   D:5 ***}   D:6 ?


Innate Abilities, Weirdness & Mutations

You are resistant to torment.
Your stone body is resilient. (AC +6)
You are immune to poison.
You resist negative energy. (rN+)
You are resistant to electric shocks. (rElec)
You can survive without breathing.
You are immune to petrification.
You are immune to rotting.


Message History

The ball explodes into a vile cloud!
The stinking cloud engulfs the death yak but does no damage.
The death yak is severely wounded.
The stinking cloud engulfs you but does no damage.
You hear a shout! x2
The death yak is engulfed in noxious fumes.
The death yak closely misses you.
The death yak is engulfed in noxious fumes.
An orc comes into view. It is wielding a +0 mace.
The orc shouts!
An orc comes into view. It is wielding a +0 flail.
The death yak is engulfed in noxious fumes.
An orc comes into view. It is wielding a +0 club.
The orc shouts!
An orc comes into view. It is wielding a +0 dagger.
As you read the scroll labeled URPHUKH WOAGG, it crumbles to dust.
Your body is wracked with pain!
The death yak convulses!
The orc convulses! x4
It was a scroll of torment.
The death yak gores you!!
Ouch! That really hurt!
You die...

#......#
....o.#
...o.######
#..oo......
#..........
#..........
#..........
#..@.......
#..Y.......
#####..........
......☼○°......
######°°°......
#○.☼......
+...######
#...# #%..##


You could see a death yak and 4 orcs.

Vanquished Creatures
  An orc warrior (D:7)
  An ice beast (D:5)
  A sky beast (D:5)
  3 phantoms
  A black bear (D:7)
  3 centaurs
  A big kobold (D:8)
  2 bullfrogs
  A wyvern zombie (D:7)
  A wyvern skeleton (D:6)
  2 scorpions
  3 crimson imps
  A quasit (D:7)
  A bullfrog zombie (D:5)
  3 jellies
  An orc priest (D:3)
  A centaur skeleton (D:7)
  A hound (D:7)
  8 orc wizards
  Jessica (D:2)
  An iguana (D:5)
  A worker ant (D:5)
  2 hell rats (D:8)
  A killer bee zombie (D:6)
  A hound zombie (D:5)
  2 hound skeletons
  A worker ant zombie (D:6)
  Robin (D:2)
  4 gnolls
  8 adders
  2 shadow imps
  2 worms (D:2)
  4 leopard geckos
  22 orcs
  8 giant cockroaches
  17 goblins
  9 hobgoblins
  13 jackals
  4 quokkas
  A ball python (D:5)
  4 bats
  11 frilled lizards
  18 kobolds
  2 leopard gecko zombies
  7 rats
183 creatures vanquished.

Notes
Turn   | Place    | Note
-------+----------+-------------------------------------------
     0 | D:1      | JValeksei the Gargoyle Venom Mage began the quest for the
                  | Orb.
     0 | D:1      | Reached XP level 1. HP: 10/10 MP: 3/3
   457 | D:1      | Reached XP level 2. HP: 15/15 MP: 1/5
   461 | D:1      | Learned a level 2 spell: Poisonous Vapours
  1260 | D:1      | Reached XP level 3. HP: 19/19 MP: 3/6
  1265 | D:1      | Learned a level 3 spell: Mephitic Cloud
  1920 | D:2      | Noticed Jessica
  1926 | D:2      | Killed Jessica
  1926 | D:2      | Reached XP level 4. HP: 24/24 MP: 0/7
  2048 | D:2      | Identified the +2 helmet "Latryown" {rElec}
  2048 | D:2      | Noticed Robin
  2060 | D:2      | Reached skill level 1 in Maces & Flails
  2554 | D:2      | Killed Robin
  2723 | D:2      | Reached XP level 5. HP: 26/28 MP: 3/9
  3860 | D:3      | Learned a level 4 spell: Olgreb's Toxic Radiance
  3959 | D:3      | Found a sacrificial altar of Ru.
  4207 | D:3      | Reached skill level 1 in Air Magic
  4212 | D:3      | Reached XP level 6. HP: 13/33 MP: 8/10
  5158 | D:4      | Noticed a phantom
  5246 | D:4      | Got a flickering ruby amulet
  5737 | D:4      | Found a glowing golden altar of the Shining One.
  5888 | D:4      | Found Becoluex's Gadget Shoppe.
  6218 | D:5      | Entered Level 5 of the Dungeon
  6321 | D:5      | Noticed a sky beast
  6355 | D:5      | Noticed an ice beast
  6560 | D:5      | Found Vasor's Assorted Antiques.
  6575 | D:5      | Killed a sky beast
  6575 | D:5      | Reached skill level 1 in Fighting
  6575 | D:5      | Reached XP level 7. HP: 38/38 MP: 1/12
  6590 | D:5      | Reached skill level 1 in Armour
  6598 | D:5      | Bought a pair of embroidered boots for 187 gold pieces
  6603 | D:5      | Identified a +0 pair of boots of running (You bought it in
                  | a shop on level 5 of the Dungeon)
  6789 | D:5      | Found Quiw's Gadget Boutique.
  7112 | D:5      | Reached skill level 5 in Poison Magic
  7443 | D:5      | Found Giklab's Assorted Antiques.
  7529 | D:5      | Reached XP level 8. HP: 28/43 MP: 14/14
  7587 | D:5      | Found Qoatuyr's General Store.
  8076 | D:6      | Found a staircase to the Ecumenical Temple.
  8140 | Temple   | Entered the Ecumenical Temple
  8392 | Temple   | Became a worshipper of Sif Muna the Loreminder
  8868 | D:6      | Found a sparkling altar of Nemelex Xobeh.
  8972 | D:6      | Found Dewamydi's Magic Scroll Emporium.
  9659 | D:7      | Reached skill level 5 in Spellcasting
  9675 | D:7      | Reached * piety under Sif Muna
  9684 | D:7      | Reached XP level 9. HP: 8/48 MP: 3/16
 10256 | D:7      | Reached skill level 5 in Conjurations
 10267 | D:7      | Reached skill level 1 in Evocations
 11534 | D:8      | Noticed a death yak
 11538 | D:8      | Noticed a death yak
 11539 | D:8      | Noticed a death yak
 11569 | D:9      | Mangled by a death yak

Skill      XL: |  1  2  3  4  5  6  7  8  9 |
---------------+----------------------------+-----
Maces & Flails | 1 2 3 |  3.6
Poison Magic   | 4 5 |  5.8
Conjurations   | 2 3 4 5 |  5.4
Spellcasting   | 3 4 5 |  5.6
Air Magic      | 1 2 3 4 |  4.0
Fighting       | 1 |  1.8
Armour         | 1 2 |  2.6
Dodging        | 2 |  2.5
Stealth        | 3 |  3.3
Evocations     | 1 |  1.1

Action                   |  1- 3 |  4- 6 |  7- 9 || total
-------------------------+-------+-------+-------++-------
Melee: Whip              |    41 |    29 |       ||    70
       Unarmed           |     7 |       |       ||     7
       Mace              |       |   112 |   290 ||   402
       War axe           |       |       |     2 ||     2
 Cast: Sting             |    12 |     1 |       ||    13
       Poisonous Vapours |    23 |    88 |    55 ||   166
       Mephitic Cloud    |       |     1 |     4 ||     5
       Olgreb's Toxic Ra |       |       |     6 ||     6
Evoke: Wand              |       |       |    40 ||    40
  Use: Scroll            |       |    10 |     7 ||    17
       Potion            |       |     1 |       ||     1
 Stab: Confused          |       |       |     2 ||     2
       Sleeping          |       |       |     1 ||     1
  Eat: Chunk             |     3 |    10 |    10 ||    23
       Ration            |     1 |     3 |     2 ||     6
Armor: Robe              |    16 |    25 |       ||    41
       Leather armour    |       |    41 |   171 ||   212
Dodge: Dodged            |    50 |    91 |   208 ||   349
